 Dungeon Crawl Stone Soup version 0.29-a0-275-g389c0b56f3 (webtiles) character file.

Game seed: 6966684176044532261

212 sanka the Slinger (level 5, -12/38 HPs)
             Began as a Gnoll Wanderer on Mar 9, 2022.
             Was a Follower of Trog.
             Killed by nerve-wracking pain
             ... invoked by Grinder
              (14 damage)
             ... on level 4 of the Dungeon.
             The game lasted 00:04:40 (2102 turns).

sanka the Slinger (Gnoll Wanderer)                  Turns: 2102, Time: 00:04:41

Health: -12/38     AC:  7    Str: 10    XL:     5   Next: 90%
Magic:  9/9        EV: 10    Int: 16    God:    Trog [*.....]
Gold:   168        SH:  0    Dex: 10    Spells: 9/10 levels left

rFire   . . .      SeeInvis .   b - +2 long sword (freeze)
rCold   + . .      Faith    .   (no shield)
rNeg    . . .      Spirit   .   n - +0 ring mail "Vazaneimud" {rC+ Regen+}
rPois   .          Reflect  .   (no helmet)
rElec   .          Harm     .   h - +0 cloak
rCorr   .          Rampage  .   (no gloves)
Will    .....                   v - +0 pair of boots
Stlth   +.........              (no amulet)
HPRegen 0.92/turn               (no ring)
MPRegen 0.11/turn               (no ring)

@: lit by a corona, on berserk cooldown, slowed, glowing, very slow
A: fangs 1, strong nose, distributed training
a: Renounce Religion, Berserk


You were on level 4 of the Dungeon.
You worshipped Trog.
Trog was aware of your devotion.
You visited 1 branch of the dungeon, and saw 4 of its levels.

You collected 168 gold pieces.


Innate Abilities, Weirdness & Mutations

You have very sharp teeth.
Your uncanny sense of smell can sniff out nearby items.
Your experience applies equally to all skills.


   Skills:
 + Level 1.6 Fighting
 + Level 1.6 Short Blades
 + Level 1.6 Long Blades
 + Level 1.6 Axes
 + Level 1.6 Maces & Flails
 + Level 1.6 Polearms
 + Level 1.6 Staves
 + Level 8.7 Slings
 + Level 1.6 Bows
 + Level 1.6 Crossbows
 + Level 3.1 Throwing
 + Level 1.6 Armour
 + Level 1.6 Dodging
 + Level 2.9 Stealth
 + Level 1.6 Shields
 + Level 1.6 Unarmed Combat
 + Level 3.2 Spellcasting
 + Level 1.3 Conjurations
 + Level 1.3 Hexes
 + Level 1.3 Summonings
 + Level 1.3 Necromancy
 + Level 1.3 Translocations
 + Level 1.3 Transmutations
 + Level 1.3 Fire Magic
 + Level 2.5 Ice Magic
 + Level 1.3 Air Magic
 + Level 1.3 Earth Magic
 + Level 1.3 Poison Magic
 + Level 3.2 Invocations
 + Level 3.1 Evocations


You had 9 spell levels left.
You knew the following spells:

 Your Spells              Type           Power      Damage    Failure   Level
z - Freeze                Ice            40%        1d6       17%         1

Your spell library contained the following spells:

 Spells                   Type           Power      Damage    Failure   Level
 Apportation              Tloc           12%        N/A       26%         1
 Ozocubu's Armour         Ice            10%        N/A       45%         3
 Alistair's Intoxication  Tmut/Pois      4%         N/A       100%        5

Inventory:

Hand Weapons
 a - a +2 hunting sling
 b - a +2 long sword of freezing (weapon)
Armour
 d - a +0 robe
 h - a +0 cloak (worn)
 n - the +0 ring mail "Vazaneimud" (worn) {rC+ Regen+} rC: It protects you from cold. Regen: It increases your rate of health regeneration.
 v - a +0 pair of boots (worn)
Magical Staves
 f - a staff of conjuration {!a}
Wands
 g - a wand of polymorph (4)
Scrolls
 e - a scroll of acquirement {unknown}
 k - a scroll of blinking {unknown}
 o - a scroll of enchant armour {unknown}
 r - a scroll of fog {unknown}
 s - a scroll of summoning {unknown}
 t - 2 scrolls of immolation {unknown}
 w - a scroll of identify {unknown}
Potions
 c - 2 potions of might
 i - 2 potions of brilliance {unknown}
 j - a potion of ambrosia {unknown}
 l - a potion of magic
 m - 3 potions of haste {@q3}
 p - a potion of cancellation {unknown}
 q - a potion of curing {unknown}
 u - a potion of berserk rage {unknown}

Dungeon Overview and Level Annotations

Branches:
Dungeon (4/15)
 Temple: D:4-7

Altars:
Trog

Annotations:
D:4 Grinder

▒▒▒▒.▒▒▒.▒
▒........▒
.....▒▒.▒▒▒.▒▒
▒▒▒ ▒.▒▒ ▒▒.▒
▒.▒ ▒.▒ ▒.▒▒
▒▒.▒ ▒▒.▒▒▒.▒▒
▒▒▒▒▒..<.▒
▒ggg5....▒
▒g▒▒▒▒▒..▒ ▒.
▒..▒ ▒g ...▒
.. ...▒▒ .g
...▒ ▒.g ....▒
.g. ∆


You could see Grinder, a gnoll shaman and 2 gnolls.


Message History

You feel sick.
The gnoll shaman hits you with a +0 club.
* * * LOW HITPOINT WARNING * * *
Grinder blinks!
You barely miss the gnoll shaman.
The gnoll shaman is moderately wounded.
You feel sick.
The gnoll shaman hits you with a +0 club.
* * * LOW HITPOINT WARNING * * *
Grinder hits you.
* * * LOW HITPOINT WARNING * * *
The gnoll shaman calls down the wrath of its god upon you.
You are outlined in light.
You hit the gnoll shaman but do no damage.
The gnoll shaman is moderately wounded.
You feel sick.
You are no longer poisoned.
Grinder hits you.
* * * LOW HITPOINT WARNING * * *
You writhe in agony.
* * * LOW HITPOINT WARNING * * *
The gnoll shaman closely misses you. Grinder hits you but does no damage.
The gnoll shaman hits you but does no damage.
Unknown command.
It was a potion of magic.
Magic courses through your body. Grinder gestures at you.
Pain shoots through your body!
You die...

Action                   |  1- 3 |  4- 6 || total
-------------------------+-------+-------++-------
Melee: Long sword        |    32 |    92 ||   124
       Bite              |     4 |     3 ||     7
       Punch             |       |     1 ||     1
 Fire: Hunting sling     |    14 |     3 ||    17
 Cast: Freeze            |     4 |       ||     4
Invok: Berserk           |       |     1 ||     1
  Use: Potion            |       |     1 ||     1
 Stab: Sleeping          |     1 |       ||     1
Armor: Robe              |     6 |       ||     6
       Ring mail         |    10 |    47 ||    57
Dodge: Dodged            |    22 |    70 ||    92

Levels and vault maps discovered:
D:1:      erik_arrival_triangle_medium, layout_loops_cross
D:2:      layout_rooms, ebering_ecumenical_altar_abandoned, uniq_terence
D:3:      layout_loops_ring
D:4:      minmay_inner_zag, layout_loops_cross,
          gammafunk_temple_overflow_forgotten, minmay_temple_entry_stoned_glass,
          uniq_grinder

Notes
Turn   | Place    | Note
-------+----------+-------------------------------------------
     0 | D:1      | sanka the Gnoll Wanderer began the quest for the Orb.
     0 | D:1      | sanka set off with the following items: a +2 hunting sling,
                  | a wand of polymorph (4), a potion of might, a +0 robe; and
                  | the following spell memorised: Freeze; and the following
                  | spells available to memorise: Ozocubu's Armour
     0 | D:1      | Reached XP level 1. HP: 13/13 MP: 4/4
   516 | D:1      | Reached skill level 2 in Ice Magic
   685 | D:2      | Reached XP level 2. HP: 20/20 MP: 5/5
   779 | D:2      | Identified the +0 ring mail "Vazaneimud" {rC+ Regen+}
   825 | D:2      | Reached XP level 3. HP: 25/25 MP: 7/7
   885 | D:2      | Reached skill level 1 in Fighting
   885 | D:2      | Reached skill level 1 in Short Blades
   885 | D:2      | Reached skill level 1 in Long Blades
   885 | D:2      | Reached skill level 1 in Axes
   885 | D:2      | Reached skill level 1 in Maces & Flails
   885 | D:2      | Reached skill level 1 in Polearms
   885 | D:2      | Reached skill level 1 in Staves
   885 | D:2      | Reached skill level 1 in Bows
   885 | D:2      | Reached skill level 1 in Crossbows
   885 | D:2      | Reached skill level 1 in Armour
   885 | D:2      | Reached skill level 1 in Dodging
   885 | D:2      | Reached skill level 1 in Shields
   885 | D:2      | Reached skill level 1 in Unarmed Combat
   885 | D:2      | Reached XP level 4. HP: 13/32 MP: 4/8
   936 | D:2      | Found a faded altar of an unknown god.
   953 | D:2      | Prayed at the altar of an unknown god.
   953 | D:2      | Became a worshipper of Trog the Wrathful
   953 | D:2      | Reached * piety under Trog
   984 | D:2      | Identified the +1 robe of the Exiled Beasts {Dex+2}
  1005 | D:2      | Reached skill level 3 in Spellcasting
  1080 | D:2      | Reached skill level 1 in Conjurations
  1080 | D:2      | Reached skill level 1 in Hexes
  1080 | D:2      | Reached skill level 1 in Summonings
  1080 | D:2      | Reached skill level 1 in Necromancy
  1080 | D:2      | Reached skill level 1 in Translocations
  1080 | D:2      | Reached skill level 1 in Transmutations
  1080 | D:2      | Reached skill level 1 in Fire Magic
  1080 | D:2      | Reached skill level 1 in Air Magic
  1080 | D:2      | Reached skill level 1 in Earth Magic
  1080 | D:2      | Reached skill level 1 in Poison Magic
  1126 | D:2      | Noticed Terence
  1134 | D:2      | Killed Terence
  1460 | D:3      | Reached skill level 3 in Invocations
  1495 | D:3      | Reached XP level 5. HP: 36/37 MP: 9/9
  2094 | D:4      | Reached skill level 3 in Throwing
  2094 | D:4      | Reached skill level 3 in Evocations
  2095 | D:4      | Noticed Grinder
  2101 | D:4      | HP: 1/38 [Grinder (6)]
  2102 | D:4      | Killed from afar by Grinder

Vanquished Creatures
  A scorpion (D:4)
  An iguana (D:2)
  Terence (D:2)
  2 gnolls (D:4)
  3 adders (D:2)
  4 worms
  An orc (D:3)
  2 endoplasms (D:2)
  A giant cockroach (D:3)
  A goblin (D:2)
  4 hobgoblins
  4 kobolds
  3 quokkas
  9 ball pythons
  8 bats
  4 frilled lizards
  4 rats
53 creatures vanquished.
